 Dungeon Crawl Stone Soup version 0.28.0-53-g5a82cb258f (webtiles) character file.

Game seed: 5401373574864036299

142 ILmort the Magician (level 5, -11/38 HPs)
             Began as a Djinni Fire Elementalist on Aug 13, 2022.
             Killed by divine providence
             ... invoked by an orc priest
              (13 damage)
             ... on level 3 of the Dungeon.
             The game lasted 00:12:07 (3747 turns).

ILmort the Magician (Djinni Fire Elementalist)      Turns: 3747, Time: 00:12:07

Health: -11/38     AC:  3    Str:  7    XL:     5   Next: 50%
Gold:   48         EV: 13    Int: 18    God:
                   SH:  0    Dex: 20

rFire   + + .      SeeInvis .   c - +0 dagger
rCold   x . .      Faith    .   (no shield)
rNeg    . . .      Spirit   .   a - +1 robe
rPois   ∞          Reflect  .   (no helmet)
rElec   .          Harm     .   (no cloak)
rCorr   .          Rampage  .   (no gloves)
Will    .....                   (boots unavailable)
Stlth   ++........              (no amulet)
HPRegen 0.12/turn               h - +6 ring of dexterity
MPRegen 0.00/turn               (no ring)

@: flying
A: sickness immunity, fire resistance 2, cold vulnerability 1, float, innate
caster, HP casting, extra vitality 1
a: no special abilities


You were on level 3 of the Dungeon.
You visited 1 branch of the dungeon, and saw 3 of its levels.

You collected 48 gold pieces.

Inventory:

Hand Weapons
 c - a +0 dagger (weapon)
Armour
 a - a +1 robe (worn)
Jewellery
 h - a +6 ring of dexterity (left hand)
Potions
 b - a potion of degeneration


   Skills:
 + Level 2.0 Fighting
 - Level 2.4 Dodging
 - Level 1.8 Stealth
 - Level 4.0 Spellcasting


You couldn't memorise any spells.
You knew the following spells:

 Your Spells              Type           Power      Damage    Failure   Level
a - Foxfire               Conj/Fire      72%        2x1d7     2%          1
b - Scorch                Fire           36%        2d7       4%          2
c - Conjure Flame         Conj/Fire      18%        6-21      9%          3
d - Inner Flame           Hex/Fire       18%        N/A       9%          3
e - Flame Wave            Conj/Fire      18%        2d6       28%         4
f - Pain                  Necr           72%        1d7       2%          1
g - Call Imp              Summ           18%        N/A       4%          2
Your spell library was empty.

Dungeon Overview and Level Annotations

Branches:
Dungeon (3/15)

Altars:

Shops:
D:1 *


Innate Abilities, Weirdness & Mutations

You are immune to sickness and miasma.
You are immune to poison.
Your flesh is very heat resistant. (rF++)
You are vulnerable to cold. (rC-)
You float through the air rather than walking.
You learn spells naturally, not from books.
Your magical power is your life essence.
You have superior vitality. (+4 MHP)


Message History

The magic dart hits you.
Casting: Scorch (safe; 4% risk of failure) Flames lash the orc wizard.
The orc wizard is burned terribly!
A ball python comes into view.
Casting: Scorch (safe; 4% risk of failure)
You conjure some foxfire!
The ball python hisses angrily.
The orc wizard points at you and mumbles some strange words.
The magic dart hits you.
Casting: Foxfire (safe; 2% risk of failure) Flames lash the ball python.
The ball python's fire resistance burns away.
The foxfire hits the orc wizard!
The orc wizard is burned terribly!
You kill the orc wizard!
The foxfire hits the ball python.
The ball python is burned terribly!
You kill the ball python!
A hobgoblin comes into view.
An orc priest comes into view. It is wielding a +0 falchion.
Your Fighting skill increases to level 2!
An orc comes into view. It is wielding a +0 trident.
Casting: Scorch (safe; 4% risk of failure)
You conjure some foxfire!
The hobgoblin barely misses you.
Casting: Foxfire (safe; 2% risk of failure)
You conjure some foxfire!
The orc hits you from afar with a +0 trident.
The hobgoblin closely misses you.
The foxfire hits the orc priest but does no damage.
Casting: Foxfire (safe; 2% risk of failure)
You conjure some foxfire!
The foxfire hits the hobgoblin.
A kobold comes into view. It is wielding a +0 short sword.
The hobgoblin hits you but does no damage.
The orc hits you from afar with a +0 trident.
The orc priest mumbles some strange prayers to Beogh against you.
Beogh smites you!
* * * LOW HITPOINT WARNING * * *
The foxfire hits the orc priest but does no damage.
The foxfire hits the hobgoblin.
The orc priest invokes the aid of Beogh against you.
Beogh smites you!
You die...

#### ...# #...
..... ##...# #
..... ......
..o#### ......
.#....
....Ko.##......
##.#...#
#..)......
...#...#
######g#......
..##...####....§@#
.....
...#........######
.... ...###..#####
... .......### .#
.###.....# # .#
#####..... .....
....# ##... ##...
####.. ##


You could see an orc priest and a hobgoblin.

Vanquished Creatures
  An orc priest (D:3)
  An orc wizard (D:3)
  3 adders (D:2)
  A worm (D:3)
  A dart slug (D:2)
  5 orcs (D:3)
  2 ball pythons
  5 endoplasms
  A giant cockroach (D:2)
  5 hobgoblins
  A jackal (D:2)
  5 kobolds
  3 quokkas
  5 bats
  4 frilled lizards
  2 goblins
  7 rats
52 creatures vanquished.

Vanquished Creatures (others)
  124 foxfires
124 creatures vanquished.

Grand Total: 176 creatures vanquished

Notes
Turn   | Place    | Note
-------+----------+-------------------------------------------
     0 | D:1      | ILmort the Djinni Fire Elementalist began the quest for the
                  | Orb.
     0 | D:1      | Reached XP level 1. HP: 15/15 MP: 0/0
   291 | D:1      | Reached XP level 2. HP: 18/21 MP: 0/0
   665 | D:1      | Found Kacluc's General Store.
  1448 | D:2      | Reached XP level 3. HP: 21/25 MP: 0/0
  1448 | D:2      | Learned a level 1 spell: Pain
  1470 | D:2      | Reached skill level 3 in Spellcasting
  1608 | D:2      | Found a faded altar of an unknown god.
  2212 | D:2      | Reached XP level 4. HP: 22/31 MP: 0/0
  3423 | D:3      | Reached skill level 4 in Spellcasting
  3423 | D:3      | Reached skill level 1 in Fighting
  3423 | D:3      | Reached XP level 5. HP: 7/37 MP: 0/0
  3423 | D:3      | Learned a level 2 spell: Call Imp
  3747 | D:3      | Killed from afar by an orc priest

Illustrated notes

Levels and vault maps discovered:
D:1:      dpeg_arrival_lava_temple_mockup, layout_basic, serial_shops, shop
D:2:      layout_basic, dreamdust_ecumenical_altar_statues
D:3:      minmay_door_path, layout_rooms, mainiacjoe_overflow_alcove_2

Skill      XL: |  1  2  3  4  5 |
---------------+----------------+-----
Spellcasting   | 3 4 |  4.0
Fighting       | 1 2 |  2.0
Dodging        | |  2.4
Stealth        | |  1.8

Action                   |  1- 3 |  4- 6 || total
-------------------------+-------+-------++-------
Melee: Unarmed           |     1 |       ||     1
       Dagger            |    18 |     7 ||    25
 Cast: Foxfire           |    58 |    39 ||    97
       Scorch            |     3 |    13 ||    16
       Conjure Flame     |     1 |       ||     1
  Use: Scroll            |       |     5 ||     5
Armor: Robe              |     7 |     6 ||    13
Dodge: Dodged            |    20 |     9 ||    29
